 Dungeon Crawl Stone Soup version 0.29-a0-700-g2f1814c7b2 (webtiles) character file.

Game seed: 4385329295308544064

2399 oldmanjim the Frost Mage (level 9, -4/74 HPs)
             Began as a White Draconian Ice Elementalist on June 25, 2022.
             Was an Initiate of Gozag.
             Killed by divine providence
             ... invoked by an orc priest
              (14 damage)
             ... on level 8 of the Dungeon.
             The game lasted 00:53:30 (6368 turns).

oldmanjim the Frost Mage (DrIE)                     Turns: 6368, Time: 00:53:31

Health: -4/74      AC: 14    Str: 10    XL:     9   Next: 23%
Magic:  14/19      EV: 13    Int: 20    God:    Gozag
Gold:   248        SH:  0    Dex: 12    Spells: 10/21 levels left

rFire   . . .      SeeInvis .   b - +3 hunting sling (flame)
rCold   + . .      Faith    .   (no shield)
rNeg    . . .      Spirit   .   (body armour unavailable)
rPois   +          Reflect  .   (helmet restricted)
rElec   .          Harm     .   P - +0 cloak
rCorr   .          Rampage  .   p - +0 pair of gloves
Will    .....                   c - +0 pair of boots
Stlth   ++........              j - amulet of the acrobat
HPRegen 0.22/turn               o - +4 ring of protection
MPRegen 0.16/turn               F - ring of poison resistance

@: gold aura, freezing walls
A: breathe frost, AC +7, unfitting armour, cold resistance 1, cold-blooded
a: Breathe Frost, Renounce Religion, Potion Petition, Call Merchant, Bribe
Branch


You were on level 8 of the Dungeon.
You worshipped Gozag.
Gozag was aware of your devotion.
You visited 2 branches of the dungeon, and saw 9 of its levels.

You collected 711 gold pieces.
You spent 430 gold pieces at shops.
You paid 33 gold pieces to Gozag.

Inventory:

Hand Weapons
 a - the +3 rapier of Jimy {vorpal, rElec Int+3}
   (You bought it in a shop on level 2 of the Dungeon)

   It inflicts extra damage upon your enemies.
   Int:       It affects your intelligence (+3).
   rElec:     It insulates you from electricity.
 b - a +3 hunting sling of flaming (weapon)
Missiles
 k - 75 stones
 l - 6 boomerangs
 u - 2 throwing nets
 N - 2 poisoned darts
Armour
 c - a +0 pair of boots (worn)
 p - a +0 pair of gloves (worn)
 P - a +0 cloak (worn)
Magical Staves
 s - a staff of poison
Jewellery
 j - an amulet of the acrobat (around neck)
 o - a +4 ring of protection (left hand)
 D - a ring of ice
 E - an amulet of guardian spirit
 F - a ring of poison resistance (right hand)
 Q - a ring of protection from fire
Wands
 y - a wand of charming (3)
 A - a wand of iceblast (5)
 O - a wand of polymorph (5)
Scrolls
 e - 3 scrolls of teleportation
 h - a scroll of amnesia {unknown}
 m - a scroll of enchant weapon
 n - a scroll of summoning {unknown}
 t - a scroll of poison
 v - a scroll of vulnerability {unknown}
 z - a scroll of noise {unknown}
 B - a scroll of fog {unknown}
 C - a scroll of immolation
 H - a scroll of fear {unknown}
 I - a scroll of blinking {unknown}
Potions
 d - 3 potions of mutation
 f - 2 potions of berserk rage
 g - 3 potions of haste
 i - a potion of attraction {unknown}
 q - 2 potions of brilliance
 r - 2 potions of magic
 w - 2 potions of curing
 x - 2 potions of heal wounds
 G - a potion of ambrosia {unknown}
 J - a potion of flight
 K - a potion of degeneration
 L - a potion of might
 M - 2 potions of resistance


   Skills:
 - Level 5.0 Fighting
 + Level 4.1 Dodging
 - Level 1.7 Stealth
 + Level 6.6 Spellcasting
 - Level 6.0 Conjurations
 - Level 8.0 Ice Magic


You had 10 spell levels left.
You knew the following spells:

 Your Spells              Type           Power      Damage    Failure   Level
a - Freeze                Ice            100%       1d11      1%          1
b - Frozen Ramparts       Ice            76%        1d9       1%          3
c - Ozocubu's Armour      Ice            38%        N/A       1%          3
d - Hailstorm             Conj/Ice       34%        3d9       5%          4

Your spell library contained the following spells:

 Spells                   Type           Power      Damage    Failure   Level
 Dazzling Flash           Conj/Hex       36%        N/A       9%          3
 Stone Arrow              Conj/Erth      36%        3d9       9%          3
 Slow                     Hex            24%        N/A       10%         1
 Confusing Touch          Hex            6%         N/A       28%         3
 Vampiric Draining        Necr           6%         2d6       28%         3
 Agony                    Necr           6%         N/A       95%         5
 Silence                  Hex/Air        3%         N/A       95%         5
 Summon Forest            Summ/Tloc      3%         N/A       95%         5
 Eringya's Noxious Bog    Tmut/Pois      3%         N/A       100%        6
 Summon Hydra             Summ           3%         N/A       100%        7
 Lehudib's Crystal Spear  Conj/Erth      9%         10d4      100%        8
 Animate Armour           Summ/Erth      Unusable   N/A       N/A         4

Dungeon Overview and Level Annotations

Branches:
Dungeon (8/15)             Temple (1/1) D:4
   Lair: D:8-11

Altars:
Ashenzari
Cheibriados
Dithmenos
Elyvilon
Fedhas
Gozag
Hepliaklqana
Kikubaaqudgha
Makhleb
Okawaru
Qazlal
Ru
Sif Muna
Trog
Uskayaw
Vehumet
Wu Jian
Xom
Yredelemnul
Zin
The Shining One

Shops:
D:2 (   D:6 !

Annotations:
D:3 1 runed translucent door, exclusion: door, Pooter's ghost, amateur MiHu


Innate Abilities, Weirdness & Mutations

You can breathe waves of freezing cold which knock back foes.
Your icy white scales are hard. (AC +7)
You cannot fit into any form of body armour.
Your flesh is cold resistant. (rC+)
You are cold-blooded and may be slowed by cold attacks.


Message History

The orc shouts!
The orc priest invokes the aid of Beogh against you.
Beogh smites you!
You are too injured to fight recklessly!
Fire: b) +3 hunting sling (flame)
Press: ? - help, Q - select action, (/) - cycle Shift-Dir - straight line, f - orc priest
Aim: an orc priest, wielding a +0 morningstar (60% to hit)
You shoot a sling bullet.
The sling bullet barely misses the orc priest.
The sling bullet hits the orc priest.
The sling bullet burns the orc priest.
The orc priest is no longer distracted by gold.
The orc priest is almost dead.
Fire: b) +3 hunting sling (flame)
Press: ? - help, Q - select action, (/) - cycle Shift-Dir - straight line, f/p - orc priest
Aim: an orc priest, wielding a +0 morningstar (60% to hit)
You shoot a sling bullet. The sling bullet hits the orc priest.
The sling bullet burns the orc priest.
The orc priest is moderately wounded.
The orc priest mumbles some strange prayers to Beogh against you.
Beogh smites you!
* * * LOW HITPOINT WARNING * * *
The wall freezes the orc priest. x2
The orc priest mumbles some strange prayers to Beogh against you.
Beogh smites you!
* * * LOW HITPOINT WARNING * * *
Fire: b) +3 hunting sling (flame)
Press: ? - help, Q - select action, (/) - cycle Shift-Dir - straight line, f/p - orc priest
Aim: an orc priest, wielding a +0 morningstar (almost dead, 60% to hit)
You shoot a sling bullet.
The sling bullet barely misses the orc priest.
The sling bullet barely misses the orc priest.
The sling bullet hits the orc.
The sling bullet burns the orc.
You kill the orc!
The orc priest calls upon Beogh to heal the orc priest.
The orc priest is healed somewhat.
The wall freezes the orc priest!
The orc priest invokes the aid of Beogh against you.
Beogh smites you!
You die...
Your body crumbles into a pile of gold.

$ #......#
##......# .......#
#......#########
## ..............#
#<
....########.####.
#....#............
#@##.#.#####.#####
#.##.........#
#o####.####### #$#
#.#......
###o####...#
#..$......##
#................
#.........#######
#o........#


You could see 2 orc priests.

Vanquished Creatures
  Eustachio (D:5)
  A water moccasin (D:7)
  2 ice beasts
  2 black bears
  2 ogres
  A centaur (D:7)
  2 phantoms
  3 bullfrogs
  3 scorpions
  2 necrophages
  A wight (D:6)
  4 howler monkeys
  2 orc priests (D:7)
  3 hounds
  A gnoll shaman (D:6)
  Jessica (D:2)
  6 iguanas
  Ijyb (D:3)
  2 orc wizards
  9 gnolls
  7 adders
  A shadow imp (D:7)
  A white imp (D:6)
  3 worms (D:2)
  3 dart slugs
  9 orcs
  7 bats
  10 endoplasms
  3 giant cockroaches
  7 goblins
  7 hobgoblins
  4 jackals (D:3)
  10 kobolds
  6 quokkas
  13 ball pythons
  2 frilled lizards (D:3)
  6 rats
148 creatures vanquished.

Notes
Turn   | Place    | Note
-------+----------+-------------------------------------------
     0 | D:1      | oldmanjim the Draconian Ice Elementalist began the quest
                  | for the Orb.
     0 | D:1      | Reached XP level 1. HP: 14/14 MP: 3/3
   160 | D:1      | Found a faded altar of an unknown god.
   237 | D:1      | Prayed at the altar of an unknown god.
   237 | D:1      | Became a worshipper of Ru the Awakened
   332 | D:1      | Reached XP level 2. HP: 20/20 MP: 2/5
   936 | D:2      | Noticed Jessica
   941 | D:2      | Killed Jessica
   942 | D:2      | Reached XP level 3. HP: 26/26 MP: 6/8
   948 | D:2      | Learned a level 3 spell: Frozen Ramparts
  1083 | D:2      | Reached XP level 4. HP: 33/34 MP: 4/9
  1217 | D:2      | Found Rikhlec's Antique Weapon Boutique.
  1237 | D:2      | Reached skill level 1 in Fighting
  1759 | D:3      | Reached XP level 5. HP: 41/41 MP: 8/11
  1811 | D:3      | Found a runed translucent door.
  1897 | D:3      | Noticed Pooter's ghost (amateur MiHu)
  2101 | D:3      | Noticed Ijyb
  2110 | D:3      | Killed Ijyb
  2111 | D:3      | Reached skill level 5 in Ice Magic
  2180 | D:3      | Learned a level 3 spell: Ozocubu's Armour
  2185 | D:3      | Learned a level 4 spell: Hailstorm
  2189 | D:3      | Found an iron altar of Okawaru.
  2425 | D:4      | Noticed a black bear
  2477 | D:4      | Reached skill level 1 in Conjurations
  2673 | D:4      | Reached XP level 6. HP: 50/50 MP: 8/12
  3529 | D:4      | Found a staircase to the Ecumenical Temple.
  3536 | Temple   | Entered the Ecumenical Temple
  3708 | Temple   | Fell from the grace of Ru
  3708 | Temple   | Became a worshipper of Gozag Ym Sagoz the Greedy
  3853 | D:5      | Entered Level 5 of the Dungeon
  4019 | D:5      | Noticed Eustachio
  4024 | D:5      | Reached skill level 6 in Ice Magic
  4140 | D:5      | Your scales start taking on an icy white colour.
  4140 | D:5      | Reached skill level 7 in Ice Magic
  4140 | D:5      | Reached XP level 7. HP: 57/57 MP: 11/13
  4140 | D:5      | Gained mutation: Your flesh is cold resistant. (rC+) [White
                  | Draconian growth]
  4319 | D:5      | Killed Eustachio
  4320 | D:5      | Reached skill level 5 in Spellcasting
  4444 | D:5      | Found a burning altar of Makhleb.
  4699 | D:6      | Reached XP level 8. HP: 66/66 MP: 15/15
  4769 | D:6      | Reached skill level 8 in Ice Magic
  5170 | D:6      | Reached skill level 5 in Conjurations
  5235 | D:6      | Found Oheco's Distillery.
  5243 | D:6      | Bought a potion of flight for 30 gold pieces
  5243 | D:6      | Bought a potion of heal wounds for 50 gold pieces
  5243 | D:6      | Bought a potion of degeneration for 10 gold pieces
  5243 | D:6      | Bought a potion of might for 40 gold pieces
  5243 | D:6      | Bought a potion of brilliance for 40 gold pieces
  5243 | D:6      | Bought a potion of mutation for 80 gold pieces
  5655 | D:2      | Bought a bloodstained rapier for 180 gold pieces
  5655 | D:2      | Identified the +3 rapier of Jimy {vorpal, rElec Int+3} (You
                  | bought it in a shop on level 2 of the Dungeon)
  5752 | D:7      | Reached skill level 5 in Fighting
  5812 | D:7      | Reached XP level 9. HP: 64/74 MP: 18/18
  5875 | D:7      | Found a glowing golden altar of the Shining One.
  5915 | D:7      | Found a bloodstained altar of Trog.
  5917 | D:7      | Found a radiant altar of Vehumet.
  5919 | D:7      | Found a shimmering blue altar of Sif Muna.
  5920 | D:7      | Found a broken altar of Ashenzari.
  5920 | D:7      | Found a sacrificial altar of Ru.
  5920 | D:7      | Found a hide-covered altar of Uskayaw.
  6368 | D:8      | Killed from afar by an orc priest

Illustrated notes

Levels and vault maps discovered:
D:1:      shiori_arrival_oz, layout_basic, nicolae_ecumenical_snake_handling,
          minmay_misc_feat_pillars
D:2:      layout_basic, serial_shops, nicolae_shop_behind_doors, fountainhead,
          uniq_jessica
D:3:      layout_rooms, okawaru_gym_becter, ebering_ghost_reflecting_pool,
          uniq_ijyb
D:4:      layout_cave_pods, minmay_temple_entry_enclosed_plants
D:5:      layout_gridville, mainiacjoe_overflow_catwalk, uniq_eustachio
D:6:      layout_gridville, serial_shops, nicolae_shop_crystal, minmay_pentangle
D:7:      layout_basic, grunt_temple_overflow_open, marbit_many_paths
D:8:      layout_basic, due_unseen_surprise, uniq_pikel, uniq_prince_ribbit1
Temple:   chequers_temple_sunken

Skill      XL: |  1  2  3  4  5  6  7  8  9 |
---------------+----------------------------+-----
Spellcasting   | 3 4 5 6 |  6.6
Fighting       | 1 2 3 5 |  5.0
Ice Magic      | 5 7 8 |  8.0
Conjurations   | 1 3 4 6 |  6.0
Dodging        | 2 3 4 |  4.1
Stealth        | |  1.7

Action                   |  1- 3 |  4- 6 |  7- 9 || total
-------------------------+-------+-------+-------++-------
Melee: Whip              |       |    33 |       ||    33
       Tailslap          |       |     4 |     2 ||     6
       Punch             |       |     1 |       ||     1
       Rapier            |       |       |    31 ||    31
 Fire: Hunting sling     |    46 |   124 |   128 ||   298
 Cast: Freeze            |    28 |    43 |    40 ||   111
       Frozen Ramparts   |       |     4 |     8 ||    12
       Ozocubu's Armour  |       |     1 |     1 ||     2
 Abil: Breathe Frost     |       |       |     1 ||     1
  Use: Scroll            |       |     1 |     6 ||     7
       Potion            |       |     1 |       ||     1
Armor: Skin              |     7 |    42 |    51 ||   100
Dodge: Dodged            |    30 |    43 |    85 ||   158

Table legend: (Time is in decaauts)
 A = Elapsed time spent in this place.
 B = Non-inter-level travel time spent in this place.
 C = Inter-level travel time spent in this place.
 D = Time resting spent in this place.
 E = Time spent auto-exploring this place.
 F = Levels seen in this place.
 G = Mean time per level.
                   A        B        C        D        E       F      G
               +--------+--------+--------+--------+--------+-----+--------+
         Total |   6555 |   6210 |    345 |    489 |   4319 |   9 |  728.3 |
       Dungeon |   6317 |   5994 |    323 |    489 |   4133 |   8 |  789.6 |
        Temple |    237 |    215 |     22 |      0 |    186 |   1 |  237.0 |
               +--------+--------+--------+--------+--------+-----+--------+

Top non-repeatable levels by time:
     D:4: 1265 daAuts
     D:6: 971 daAuts
     D:3: 964 daAuts
     D:1: 925 daAuts
     D:5: 793 daAuts
     D:2: 748 daAuts
     D:7: 579 daAuts
  Temple: 237 daAuts
     D:8: 70 daAuts
